 Dungeon Crawl Stone Soup version 0.17.1-1-g73c8601 (webtiles) character file.

142 shmeve the Shield-Bearer (level 5, -5/42 HPs)
             Began as a Formicid Fighter on Apr 23, 2016.
             Was an Initiate of Okawaru.
             Killed by divine providence
             ... invoked by an orc priest
              (8 damage)
             ... on level 3 of the Dungeon.
             The game lasted 00:04:37 (2516 turns).

shmeve the Shield-Bearer (Formicid Fighter)         Turns: 2516, Time: 00:04:37

Health: -5/42      AC:  8    Str: 26    XL:     5   Next: 49%
Magic:  5/5        EV:  6    Int:  8    God:    Okawaru [......]
Gold:   111        SH: 15    Dex: 10    Spells: 0 memorised, 4 levels left

rFire  . . .     SeeInvis +     a - +0 war axe
rCold  . . .     Clarity  .     b - +0 scale mail
rNeg   . . .     SustAt   .     r - +0 large shield
rPois  .         Gourm    .     (helmet unavailable)
rElec  .         Spirit   .     (no cloak)
rCorr  .         Warding  .     (no gloves)
rMut   .         Stasis   +     f - +0 pair of boots
MR     .....                    (no amulet)
Stlth  ..........               (no ring)
                                (no ring)

@: mighty, not resistant to hostile enchantments, extremely unstealthy
A: permanent stasis, dig shafts and tunnels, four strong arms, antennae 3
a: Dig, Shaft Self, Renounce Religion


You were on level 3 of the Dungeon.
You worshipped Okawaru.
Okawaru was noncommittal.
You were hungry.

You visited 1 branch of the dungeon, and saw 3 of its levels.

You collected 111 gold pieces.

Inventory:

Hand Weapons
 a - a +0 war axe (weapon)
Missiles
 t - 24 bolts
Armour
 b - a +0 scale mail (worn)
 f - a +0 pair of boots (worn)
 r - a +0 large shield (worn)
Scrolls
 c - a scroll of noise {unknown}
 h - 2 scrolls of remove curse {unknown}
 i - a scroll of enchant armour {unknown}
 j - a scroll of random uselessness {unknown}
 m - a scroll of amnesia {unknown}
 n - 5 scrolls of identify {unknown}
 o - a scroll of magic mapping {unknown}
Potions
 g - 2 potions of agility {unknown}
 k - a potion of invisibility {unknown}
 q - a potion of heal wounds {unknown}
 s - a potion of curing {unknown}
 w - a potion of haste {unknown}
 x - a potion of flight {unknown}
Comestibles
 e - a bread ration
 l - 2 meat rations
 p - 2 fruits
 v - a beef jerky


   Skills:
 * Level 4.2 Fighting
 * Level 3.2 Axes
 + Level 3.8 Armour
 + Level 1.1 Dodging
 * Level 4.3 Shields
 + Level 0.8 Invocations


You had 4 spell levels left.
You didn't know any spells.

Dungeon Overview and Level Annotations

Branches:
Dungeon (3/15)

Altars:
Gozag
Nemelex Xobeh
Okawaru
Ru


Innate Abilities, Weirdness & Mutations

You are under a permanent stasis effect.
You can dig through walls and to a lower floor.
Your four strong arms can wield two-handed weapons with a shield.
You have a pair of large antennae on your head (SInv).


Message History

The orc priest is lightly wounded.
The orc priest calls down the wrath of Beogh upon you.
Pain shoots through your body!
* * * LOW HITPOINT WARNING * * *
The orc barely misses you.
The orc priest hits you with a hand axe.
* * * LOW HITPOINT WARNING * * *
The orc priest hits you with a club.
* * * LOW HITPOINT WARNING * * *
You slice the orc priest!!
You kill the orc priest!
Okawaru accepts your kill.
You hit the orc.
You kill the orc!
Okawaru accepts your kill.
You slash the orc priest!
The orc priest is severely wounded.
The orc priest mumbles some strange prayers to Beogh against you.
Something smites you!
You die...

#.#. ..... .# ... #<..
..... .. ... #.####.
#.... .# .... .......
#.... .#..... #.#####
##....##$#..... #....##
...[......... #.#....#
#..†)o.# #.#....#
#..####@#.# #.#(...#
#.......).######.#....##
#..####.................
#..####.########.#...)##
#.......# #.#....#
#.....#.########.#....##
##............(........#
#.##.#.....(###.......#
# #.#....(.# #...###.#


You could see an orc priest.

Vanquished Creatures
  An orc priest (D:3)
  6 adders
  2 giant geckos (D:2)
  2 orcs (D:3)
  5 bats
  7 giant cockroaches
  8 hobgoblins
  3 jackals (D:1)
  2 quokkas (D:2)
  A ball python (D:1)
  A giant newt (D:2)
  8 goblins
  4 kobolds
  9 rats
59 creatures vanquished.

Notes
Turn   | Place    | Note
--------------------------------------------------------------
     0 | D:1      | shmeve the Formicid Fighter began the quest for the Orb.
     0 | D:1      | Reached XP level 1. HP: 18/18 MP: 1/1
   516 | D:1      | Reached XP level 2. HP: 21/24 MP: 2/2
   902 | D:1      | Reached XP level 3. HP: 29/29 MP: 3/3
  1467 | D:2      | Found an iron altar of Okawaru.
  1475 | D:2      | Reached skill level 4 in Shields
  1497 | D:2      | Became a worshipper of Warmaster Okawaru
  1714 | D:2      | Reached XP level 4. HP: 37/37 MP: 4/4
  1915 | D:2      | Found a sparkling altar of Nemelex Xobeh.
  1915 | D:2      | Found an opulent altar of Gozag.
  2128 | D:3      | Reached skill level 1 in Dodging
  2128 | D:3      | Reached XP level 5. HP: 37/42 MP: 5/5
  2149 | D:3      | Found a sacrificial altar of Ru.
  2516 | D:3      | Killed from afar by an orc priest

Action                   |  1- 3 |  4- 6 || total
-------------------------+-------+-------++-------
Melee: War axe           |   122 |    75 ||   197
  Use: Potion            |       |     1 ||     1
  Eat: Chunk             |     3 |     2 ||     5
